 Dungeon Crawl Stone Soup version 0.28.0-43-g3370ac3207 (webtiles) character file.

Game seed: 13984296209087095043

2577 pkoi the Grappler (level 9, -16/85 HPs)
             Began as a Troll Monk on Mar 21, 2022.
             Was a Priest of the Shining One.
             Demolished by a boulder beetle (28 damage)
             ... on level 6 of the Dungeon.
             The game lasted 00:07:36 (5180 turns).

pkoi the Grappler (Troll Monk)                      Turns: 5180, Time: 00:07:36

Health: -16/85     AC:  4    Str: 20 (23) XL:     9   Next: 32%
Magic:  11/11      EV: 11    Int:  4 (6)  God:    the Shining One [***...]
Gold:   1099       SH:  0    Dex: 13 (14) Spells: 8/8 levels left

rFire   . . .      SeeInvis .     - Unarmed
rCold   . . .      Faith    .   (no shield)
rNeg    + . .      Spirit   .   a - +0 robe
rPois   .          Reflect  .   (helmet restricted)
rElec   .          Harm     .   d - scarf {repulsion}
rCorr   .          Rampage  .   (gloves unavailable)
Will    .....                   (boots unavailable)
Stlth   +.........              (no amulet)
HPRegen 1.04/turn               (no ring)
MPRegen 0.12/turn               (no ring)

@: confused, ambrosia-drunk, glowing, repel missiles
A: large, unfitting armour, claws 3, regeneration 1, shaggy fur 1, tough skin 1
a: Renounce Religion, Divine Shield, Cleansing Flame


You were on level 6 of the Dungeon.
You worshipped the Shining One.
The Shining One was most pleased with you.
You visited 2 branches of the dungeon, and saw 7 of its levels.

You collected 1099 gold pieces.

Inventory:

Missiles
 k - 160 stones (quivered)
Armour
 a - a +0 robe (worn)
 d - a scarf of repulsion (worn)
 x - a +0 cloak
Jewellery
 l - a ring of see invisible
 q - an amulet of reflection
 t - a ring of magical power
Wands
 e - a wand of mindburst (9)
 m - a wand of acid (7)
 p - a wand of flame (20)
 s - a wand of paralysis (5)
 w - a wand of iceblast (8)
Scrolls
 g - 4 scrolls of teleportation
 i - a scroll of magic mapping
 u - a scroll of amnesia
Potions
 b - 3 potions of curing
 c - 4 potions of haste
 f - a potion of degeneration
 h - a potion of mutation
 r - a potion of attraction {unknown}


   Skills:
 + Level 4.3 Fighting
 - Level 3.0 Throwing
 + Level 4.3 Dodging
 - Level 1.0 Stealth
 * Level 9.3 Unarmed Combat
 * Level 5.1 Invocations


You had 8 spell levels left.
You didn't know any spells.
Your spell library contained the following spells:

 Spells                   Type           Power      Damage    Failure   Level
 Dazzling Flash           Conj/Hex       0%         N/A       86%         3
 Iskenderun's Mystic Bla  Conj/Tloc      0%         2d3       99%         4
 Starburst                Conj/Fire      0%         6d3       100%        6


Dungeon Overview and Level Annotations

Branches:
Dungeon (6/15)             Temple (1/1) D:4

Altars:
Ashenzari
Cheibriados
Dithmenos
Elyvilon
Fedhas
Gozag
Hepliaklqana
Kikubaaqudgha
Makhleb
Nemelex Xobeh
Okawaru
Qazlal
Ru
Uskayaw
Wu Jian
Xom
Zin
The Shining One

Shops:
D:3 (


Innate Abilities, Weirdness & Mutations

You are too large for most types of armour.
You have claws for hands.
Your natural rate of healing is unusually fast.
You are covered in fur. (AC +1)
You have tough skin. (AC +1)


Message History

The orc hits you with a +0 dagger.
* * * LOW HITPOINT WARNING * * *
Unknown command.
You claw the steam dragon!
You kill the steam dragon!
The steam dragon scales are intact enough to wear.
The orc hits you with a +0 dagger.
* * * LOW HITPOINT WARNING * * *
Your Invocations skill increases to level 5!
Unknown command.
You claw the orc!
You kill the orc!
Unknown command.
The orc hits you with a +0 club.
* * * LOW HITPOINT WARNING * * *
You scratch the orc.
The orc is severely wounded.
The orc hits you with a +0 club.
* * * LOW HITPOINT WARNING * * *
You claw the orc!
You kill the orc!
(D) Dungeon (T) Temple
Where to? (Enter - D:6, ? - help)
Items here: [ †††.
Things that are here:
a +0 club; an orc corpse A boulder beetle comes into view.
The boulder beetle curls into a ball and begins rolling!
Things that are here:
a +0 club; an orc corpse The boulder beetle hits you!
* * * LOW HITPOINT WARNING * * *
The boulder beetle stops rolling and uncurls.
It was a potion of degeneration.
There was something very wrong with that liquid.
You feel weakened.
You feel dopey.
You feel clumsy.
The boulder beetle bites you but does no damage.
You are confused.
You feel invigorated. The boulder beetle bites you!!
You die...

...###.....# .###
####..## .# ###.## ##
##.## #### # ##.###
###..# #*###### ##..####
##..### .##....##
##...)#####.### 8.#.<...#
#.........## ....##..#
##@......## ....,,,##
#B......# ...#****
#..)..### 8.## ##.).###
.#* ##..[)## #**
#######.)....# ,,**
*#........##..#*
**,****........####..#*
**,,*,........○***#..#***


You could see a boulder beetle.

Vanquished Creatures
  A steam dragon (D:6)
  3 water moccasins (D:5)
  Duvessa (D:5)
  An orc warrior (D:6)
  3 black bears (D:5)
  A necrophage (D:5)
  An ogre (D:6)
  A centaur (D:5)
  4 phantoms (D:4)
  Blork the orc (D:5)
  2 bullfrogs
  2 water moccasin zombies
  A scorpion (D:5)
  Dowan (D:5)
  A howler monkey (D:5)
  2 hounds
  Crazy Yiuf (D:5)
  A jelly (D:5)
  3 orc priests (D:6)
  A bullfrog skeleton (D:6)
  A gnoll shaman (D:4)
  Natasha (thrice) (D:2)
  2 orc wizards
  3 hound skeletons (D:4)
  8 gnolls
  4 adders
  A white imp (D:6)
  An adder skeleton (D:5)
  4 worms
  3 dart slugs
  9 orcs
  5 endoplasms (D:1)
  4 giant cockroaches
  9 hobgoblins
  5 jackals (D:1)
  5 kobolds
  6 quokkas
  6 ball pythons
  5 bats
  6 frilled lizards
  11 goblins
  3 rats
136 creatures vanquished.

Vanquished Creatures (others)
  A hound (D:6)
  An iguana (D:6)
  An orc (D:6)
3 creatures vanquished.

Grand Total: 139 creatures vanquished

Notes
Turn   | Place    | Note
-------+----------+-------------------------------------------
     0 | D:1      | pkoi the Troll Monk began the quest for the Orb.
     0 | D:1      | Reached XP level 1. HP: 22/22 MP: 0/0
   117 | D:1      | Reached XP level 2. HP: 25/29 MP: 1/1
   183 | D:1      | Reached skill level 4 in Unarmed Combat
   325 | D:1      | Reached XP level 3. HP: 36/36 MP: 2/2
   813 | D:2      | Found the +6 shillelagh "Devastator" {shatter}
   813 | D:2      | Noticed Natasha
   825 | D:2      | Killed Natasha
   826 | D:2      | Reached skill level 5 in Unarmed Combat
   826 | D:2      | Reached XP level 4. HP: 30/44 MP: 3/3
   928 | D:2      | Noticed Natasha
   936 | D:2      | Killed Natasha
  1014 | D:2      | Noticed Natasha
  1023 | D:2      | Killed Natasha
  1024 | D:2      | Reached XP level 5. HP: 29/50 MP: 4/4
  1217 | D:2      | Reached skill level 6 in Unarmed Combat
  1410 | D:3      | Found Uzevvet's Weapon Boutique.
  1429 | D:3      | Found a blossoming altar of Fedhas.
  1437 | D:3      | Found a broken altar of Ashenzari.
  2081 | D:4      | Noticed a phantom
  2086 | D:4      | Killed a phantom
  2087 | D:4      | Reached XP level 6. HP: 59/59 MP: 5/5
  2088 | D:4      | Found a staircase to the Ecumenical Temple.
  2110 | D:4      | Reached skill level 1 in Throwing
  2110 | D:4      | Reached skill level 7 in Unarmed Combat
  2117 | Temple   | Entered the Ecumenical Temple
  2347 | Temple   | Became a worshipper of the Shining One
  2347 | Temple   | Reached * piety under the Shining One
  2347 | Temple   | Reached ** piety under the Shining One
  2537 | D:4      | Reached XP level 7. HP: 56/66 MP: 6/6
  2704 | D:4      | Reached skill level 1 in Invocations
  3045 | D:5      | Entered Level 5 of the Dungeon
  3045 | D:5      | Noticed Blork the orc
  3049 | D:5      | Killed Blork the orc
  3050 | D:5      | Noticed Duvessa
  3057 | D:5      | Noticed Dowan
  3058 | D:5      | Killed Duvessa
  3215 | D:5      | Reached XP level 8. HP: 18/75 MP: 8/8
  3219 | D:5      | Killed Dowan
  3430 | D:5      | Reached skill level 8 in Unarmed Combat
  3523 | D:5      | Found an opulent altar of Gozag.
  3741 | D:5      | Found a snail-covered altar of Cheibriados.
  3741 | D:5      | Found a burning altar of Makhleb.
  3744 | D:5      | Found a hide-covered altar of Uskayaw.
  3826 | D:5      | Found a stormy altar of Qazlal.
  3830 | D:5      | Reached *** piety under the Shining One
  4020 | D:5      | Found a runed translucent door.
  4021 | D:5      | Noticed Crazy Yiuf
  4076 | D:5      | Killed Crazy Yiuf
  4114 | D:6      | Identified a scroll of acquirement
  4114 | D:6      | Acquired 852 gold pieces
  4471 | D:6      | Reached XP level 9. HP: 50/84 MP: 11/11
  4742 | D:6      | Reached skill level 9 in Unarmed Combat
  5165 | D:6      | Reached skill level 5 in Invocations
  5172 | D:6      | Noticed a boulder beetle
  5177 | D:6      | HP: 4/85 [boulder beetle (15)]
  5180 | D:6      | Demolished by a boulder beetle

Illustrated notes

Levels and vault maps discovered:
D:1:      minmay_arrival_nine_rooms, layout_basic
D:2:      layout_basic, uniq_natasha
D:3:      layout_loops_cross, mainiacjoe_overflow_concentric_impassable,
          cheibrodos_ashenzari_chains, serial_shops, shop_statue,
          minmay_misc_feat_chi, chequers_jeans
D:4:      layout_gridville, minmay_temple_entry_trees
D:5:      layout_loops_cross, nicolae_overflow_crystal_walls,
          gammafunk_temple_overflow_forgotten, mainiacjoe_overflow_tiny_flanked,
          uniq_duvessa, uniq_crazy_yiuf_cottage, uniq_blork_the_orc
D:6:      minmay_cornered_nines, layout_layer_cave,
          lemuel_zombie_altar_yredelemnul, wad_floor_pattern_untrapped
Temple:   minmay_temple_curvy_loop

Skill      XL: |  1  2  3  4  5  6  7  8  9 |
---------------+----------------------------+-----
Unarmed Combat | 4 5 6 7 8 9 |  9.3
Throwing       | 1 2 3 |  3.0
Invocations    | 2 4 5 |  5.1
Fighting       | 3 4 |  4.3
Dodging        | 3 4 |  4.3
Stealth        | |  1.0

Action                   |  1- 3 |  4- 6 |  7- 9 || total
-------------------------+-------+-------+-------++-------
Melee: Unarmed           |    92 |    96 |   153 ||   341
       Punch             |     2 |     5 |     9 ||    16
  Use: Scroll            |       |       |     9 ||     9
       Potion            |       |       |     4 ||     4
 Stab: Sleeping          |     1 |     4 |       ||     5
Armor: Robe              |    27 |    27 |    35 ||    89
Dodge: Dodged            |    38 |    35 |    67 ||   140
